 Dungeon Crawl Stone Soup version 0.26.1-2-gb8aa6d0cf2 (webtiles) character file.

Game seed: 4426115211208666005

263 McIrco the Chopper (level 5, -3/47 HPs)
             Began as a Minotaur Fighter on Mar 30, 2021.
             Slain by an orc
             ... wielding a +0 trident
              (7 damage)
             ... on level 4 of the Dungeon.
             The game lasted 00:02:05 (2377 turns).

McIrco the Chopper (Minotaur Fighter)               Turns: 2377, Time: 00:02:06

Health: -3/47      AC:  8    Str: 20    XL:     5   Next: 97%
Magic:  4/4        EV:  8    Int:  5    God:
Gold:   110        SH:  9    Dex: 11    Spells: 4/4 levels left

rFire    . . .     SeeInvis .   a - +0 war axe
rCold    . . .     Faith    .   c - +0 kite shield
rNeg     . . .     Spirit   .   b - +0 scale mail
rPois    .         Reflect  .   (helmet restricted)
rElec    .         Harm     .   (no cloak)
rCorr    .         Rampage  .   p - +0 pair of gloves
Will     .....                  (no boots)
Stlth    ..........             (no amulet)
HPRegen  0.15/turn              (no ring)
MPRegen  0.09/turn              (no ring)

@: no status effects
A: retaliatory headbutt, horns 2
a: no special abilities


You were on level 4 of the Dungeon.
You visited 1 branch of the dungeon, and saw 4 of its levels.

You collected 110 gold pieces.

Inventory:

Hand Weapons
 a - a +0 war axe (weapon)
Armour
 b - a +0 scale mail (worn)
 c - a +0 kite shield (worn)
 p - a +0 pair of gloves (worn)
Jewellery
 e - an uncursed amulet of faith {unknown}
 s - an uncursed ring of flight {unknown}
Wands
 n - a wand of paralysis (10)
Scrolls
 f - 2 scrolls of noise {unknown}
 g - 3 scrolls of enchant armour {unknown}
 i - a scroll of random uselessness {unknown}
 k - 3 scrolls of identify {unknown}
 l - a scroll of enchant weapon {unknown}
 m - 3 scrolls of remove curse {unknown}
 o - a scroll of amnesia {unknown}
 t - 2 scrolls of fear {unknown}
Potions
 d - a potion of might
 h - a potion of curing {unknown}
 j - 2 potions of degeneration {unknown}
 q - a potion of invisibility {unknown}
 r - a potion of attraction {unknown}


   Skills:
 + Level 4.6 Fighting
 + Level 5.3 Axes
 + Level 4.7 Armour
 + Level 0.8 Dodging
 + Level 4.7 Shields


You had 4 spell levels left.
You didn't know any spells.
Your spell library was empty.

Dungeon Overview and Level Annotations

Branches:
Dungeon (4/15)
 Temple: D:4-7

Altars:
Trog


Innate Abilities, Weirdness & Mutations

You reflexively headbutt those who attack you in melee.
You have a pair of horns on your head.


Message History

* * * LOW HITPOINT WARNING * * *
The orc hits you but does no damage. You block the iguana's attack.
Your scale mail prevents you from hitting the iguana.
You headbutt the iguana!
You kill the iguana!
You slash the worm! The orc hits you but does no damage.
You block the worm's attack.
Unknown command.
You hit the worm.
The worm is almost dead.
The orc closely misses you. You block the worm's attack.
Unknown command.
You hit the worm but do no damage. You headbutt the worm.
The worm is almost dead.
The orc closely misses you. The worm bites you but does no damage.
You hit the worm. You headbutt the worm.
You kill the worm!
The orc barely misses you. The orc hits you with a +0 trident!
You die...

#.# ####.# #########
#....# ........## #.##.#
.........## #.####
..........## #....#
...........## ####.#
......o.....######†#####
.......@)....#....))....
.......).....#.#.#######
..≈..≈.)[....#.#+######
..)..........'........#
..)..........'........#
..≈..≈.......#........#
.............#........#
.............#........#
...........##........#


You could see an orc.

Vanquished Creatures
  3 orc wizards (D:4)
  An iguana (D:4)
  5 adders
  4 gnolls (D:4)
  A worm (D:4)
  2 dart slugs (D:1)
  5 orcs (D:4)
  7 giant cockroaches
  8 goblins
  6 hobgoblins
  3 kobolds (D:1)
  3 ball pythons (D:1)
  6 bats
  5 frilled lizards
  7 rats
66 creatures vanquished.

Notes
Turn   | Place    | Note
-------+----------+-------------------------------------------
     0 | D:1      | McIrco the Minotaur Fighter began the quest for the Orb.
     0 | D:1      | Reached XP level 1. HP: 19/19 MP: 0/0
   138 | D:1      | Reached XP level 2. HP: 27/27 MP: 1/1
   666 | D:1      | Reached XP level 3. HP: 33/33 MP: 2/2
   669 | D:1      | Reached skill level 3 in Axes
  1133 | D:2      | Reached XP level 4. HP: 40/40 MP: 3/3
  1315 | D:2      | Found a bloodstained altar of Trog.
  1741 | D:3      | Reached skill level 4 in Axes
  2073 | D:4      | Reached XP level 5. HP: 12/47 MP: 4/4
  2369 | D:4      | Reached skill level 5 in Axes
  2377 | D:4      | Slain by an orc

Illustrated notes

Levels and vault maps discovered:
D:1:      minmay_arrival_shattered_statue, layout_loops_ring
D:2:      layout_loops_ring, lemuel_tele_altar
D:3:      layout_rooms, minmay_misc_feat_roman
D:4:      kennysheep_big_flooded_room, layout_basic,
          pdpol_wu_jian_five_deadly_venoms

Skill      XL: |  1  2  3  4  5 |
---------------+----------------+-----
Shields        | 4 |  4.7
Armour         | 4 |  4.7
Axes           | 3 4 5 |  5.3
Fighting       | 4 |  4.6
Dodging        | |  0.8

Action                   |  1- 3 |  4- 6 || total
-------------------------+-------+-------++-------
Melee: War axe           |    82 |    59 ||   141
       Headbutt          |     7 |     7 ||    14
Armor: Scale mail        |    40 |    28 ||    68
Dodge: Dodged            |    21 |    19 ||    40
Block: Kite shield       |    34 |    37 ||    71
